 Dungeon Crawl Stone Soup version 0.27.0-1-g7a089689b8 (webtiles) character file.

Game seed: 3170554480243338005

100 gimp the Sneak (level 5, -2/42 HPs)
             Began as a Human Delver on Aug 10, 2021.
             Killed by divine providence
             ... invoked by an orc priest
              (13 damage)
             ... on level 5 of the Dungeon.
             The game lasted 00:00:58 (384 turns).

gimp the Sneak (Human Delver)                        Turns: 384, Time: 00:00:58

Health: -2/42      AC:  5    Str: 13    XL:     5   Next: 3%
Magic:  5/5        EV: 12    Int: 11    God:
Gold:   0          SH:  0    Dex: 14    Spells: 4/4 levels left

rFire    . . .     SeeInvis .   a - +0 mace
rCold    . . .     Faith    .   (no shield)
rNeg     . . .     Spirit   .   b - +0 leather armour
rPois    .         Reflect  .   (no helmet)
rElec    .         Harm     .   (no cloak)
rCorr    .         Rampage  .   (no gloves)
Will     .....                  h - +1 pair of boots
Stlth    +++.......             (no amulet)
HPRegen  0.14/turn              (no ring)
MPRegen  0.09/turn              (no ring)

@: no status effects
A: no striking features
a: no special abilities


You were on level 5 of the Dungeon.
You visited 1 branch of the dungeon, and saw 1 of its levels.

Inventory:

Hand Weapons
 a - a +0 mace (weapon)
Armour
 b - a +0 leather armour (worn)
 h - a +1 pair of boots (worn)
Jewellery
 l - a +6 ring of intelligence
Wands
 g - a wand of digging (3)
 m - a wand of flame (12)
Scrolls
 c - a scroll of fog
 d - a scroll of magic mapping
 e - a scroll of fear
 i - a scroll of teleportation {unknown}
Potions
 f - a potion of haste
 j - a potion of brilliance {unknown}
 k - a potion of attraction {unknown}


   Skills:
 + Level 3.7 Fighting
 * Level 3.6 Maces & Flails
 + Level 1.9 Armour
 - Level 2.0 Dodging
 - Level 5.0 Stealth


You had 4 spell levels left.
You didn't know any spells.
Your spell library was empty.

Dungeon Overview and Level Annotations

Branches:
Dungeon (5/15)
 Temple: D:4-7

Altars:


Message History

The ice beast barely misses you.
Aiming: Throw Flame
Press: ? - help, Shift-Dir - straight line, f/p - ice beast
Aim: an ice beast (severely wounded, 68% to hit)
The puff of flame hits the ice beast.
The ice beast melts!
The ice beast is almost dead.
The ice beast hits you. The ice beast freezes you.
* * * LOW HITPOINT WARNING * * *
The orc wizard casts a spell.
The orc wizard flickers and vanishes!
Deactivating autopickup; reactivate with Ctrl-A.
You take 8 damage, and have 7/24 hp.
MASSIVE DAMAGE!!
Aiming: Throw Flame
Press: ? - help, Shift-Dir - straight line, f/p - ice beast
Aim: an ice beast (almost dead, 68% to hit)
The puff of flame misses the ice beast.
The puff of flame hits something.
The ice beast closely misses you.
Aiming: Throw Flame
Press: ? - help, Shift-Dir - straight line, f/p - ice beast
Aim: an ice beast (almost dead, 68% to hit)
The puff of flame hits the ice beast.
The ice beast melts!
You kill the ice beast!
Your Maces & Flails skill increases to level 3!
Your Armour skill increases to level 1!
You have reached level 3!
Your experience leads to an increase in your attributes!
Increase (S)trength, (I)ntelligence, or (D)exterity?
You feel stronger.
You have reached level 4!
You feel clever.
You have reached level 5!
You regained 6 hp, and now have 13/42 hp.
MP restored: 5 You hear some strange, mumbled words.
A puff of flame appears from out of thin air!
The puff of flame hits you.
* * * LOW HITPOINT WARNING * * *
The orc priest invokes the aid of Beogh against you.
Beogh smites you!
You die...

######### #.......#
#.......# #..###..##
###### #..#.....#
#.o.o# #..#.#...#
#o##.### ##.>#.#...#
#{##.o.#
#.........####.####o#
#.#######....@.# .#
#.# ######## o#
#.############ o#
#...>........# .#
##..####......# o#
#...####......# ##
#.#...##......#
#...#.##......#
###.#.##......#


You could see an orc priest and an orc.

Vanquished Creatures
  An ice beast (D:5)
  A shadow imp (D:5)
2 creatures vanquished.

Notes
Turn   | Place    | Note
-------+----------+-------------------------------------------
     0 | D:5      | gimp the Human Delver began the quest for the Orb.
     0 | D:5      | Reached XP level 1. HP: 18/18 MP: 1/1
    31 | D:5      | Reached XP level 2. HP: 6/24 MP: 2/2
   275 | D:5      | Noticed an ice beast
   383 | D:5      | Killed an ice beast
   384 | D:5      | Reached skill level 1 in Armour
   384 | D:5      | Reached XP level 3. HP: 9/30 MP: 3/3
   384 | D:5      | Reached XP level 4. HP: 12/37 MP: 4/4
   384 | D:5      | Reached XP level 5. HP: 13/42 MP: 5/5
   384 | D:5      | Killed from afar by an orc priest

Illustrated notes

Levels and vault maps discovered:
D:5:      layout_loops_cross

Skill      XL: |  1  2 |
---------------+-------+-----
Maces & Flails | 3 |  3.6
Armour         | 1 |  1.9
Fighting       | |  3.7
Dodging        | |  2.0
Stealth        | |  5.0

Action                   |  1- 3 |  4- 6 || total
-------------------------+-------+-------++-------
Melee: Mace              |    10 |       ||    10
Evoke: Wand              |    10 |       ||    10
Armor: Leather armour    |     3 |       ||     3
Dodge: Dodged            |     7 |       ||     7
